[Event "CZE-ch Youth G10-G12-G14 2022"]
[Site "Luhacovice"]
[Date "2022.03.17"]
[Round "7.19"]
[White "Stavova, Lucie"]
[Black "Barteckova, Nikol"]
[Result "0-1"]
[ECO "B23"]
[WhiteElo "1048"]
[BlackElo "1140"]
[Annotator "NA"]
[PlyCount "126"]
[EventDate "2022.03.12"]
[EventType "swiss"]
[EventCountry "CZE"]
[SourceTitle "playchess.com"]
[Source "ChessBase"]
[SourceQuality "1"]
[TimeControl "40/5400+30:1800+30"]

1. e4 c5 2. Nc3 a6 3. g3 b5 4. Bg2 Bb7 5. d3 e6 6. Nh3 d6 7. O-O Nf6 8. f4 Nbd7 9. g4 Nb6 10. g5 Nfd7 11. Be3 Be7 12. d4 Nc4 13. Qc1 Qb6 14. d5 Nxe3 15. Qxe3 Qc7 16. a3 Nb6 17. b3 Rc8 18. f5 exd5 19. exd5 Kf8 20. g6 Bf6 21. Qd2 Bd4+ 22. Kh1 Re8 23. gxf7 Qxf7 24. Ng5 Qf6 25. Ne6+ Kg8 26. Nxd4 Qxd4 27. Qxd4 cxd4 28. Ne4 Bxd5 29. Nxd6 Bxg2+ 30. Kxg2 Re2+ 31. Kg1 Rxc2 32. Rfe1 h6 33. a4 bxa4 34. bxa4 Nc4 35. Ne4 Nd2 36. Nxd2 Rxd2 37. Rad1 Rc2 38. Rxd4 Rc5 39. Rf4 Kf7 40. Re6 Ra5 41. Rb6 Re8 42. Kf2 h5 43. h4 Ree5 44. f6 Rf5 45. Rxf5 Rxf5+ 46. Ke3 Rxf6 47. Rb4 Re6+ 48. Kf4 Kf6 49. Kg3 g5 50. hxg5+ Kxg5 51. Kh3 Re5 52. Rc4 Re3+ 53. Kh2 Rf3 54. Rd4 Rf4 55. Rxf4 Kxf4 56. Kg2 a5 57. Kh3 Ke4 58. Kh4 Kd4 59. Kxh5 Kc4 60. Kg4 Kb4 61. Kf3 Kxa4 62. Ke2 Kb3 63. Kd2 Kb2 0-1

[Event "CZE-ch Youth G10-G12-G14 2022"]
[Site "Luhacovice"]
[Date "2022.03.17"]
[Round "7.20"]
[White "Bouchalova, Kveta"]
[Black "Nova Anezka"]
[Result "1-0"]
[ECO "C30"]
[WhiteElo "1303"]
[BlackElo "1111"]
[Annotator "NA"]
[PlyCount "81"]
[EventDate "2022.03.12"]
[EventType "swiss"]
[EventCountry "CZE"]
[SourceTitle "playchess.com"]
[Source "ChessBase"]
[SourceQuality "1"]
[TimeControl "40/5400+30:1800+30"]

1. e4 e5 2. f4 Bc5 3. Nf3 d6 4. Bc4 Nf6 5. Nc3 a6 6. d3 Nc6 7. fxe5 dxe5 8. Bg5 h6 9. Bh4 g5 10. Bg3 Bg4 11. Qd2 Bxf3 12. gxf3 Nd4 13. Qg2 Qd6 14. O-O-O b5 15. Bb3 a5 16. Bf2 a4 17. Bxd4 Bxd4 18. Nxb5 Be3+ 19. Kb1 Qb6 20. Bc4 Ra5 21. a3 Rxb5 22. Bxb5+ Qxb5 23. c3 O-O 24. h4 Rb8 25. hxg5 hxg5 26. Rh3 Bf4 27. Qc2 c5 28. Rdh1 Kg7 29. Ka1 c4 30. dxc4 Qxc4 31. Rd1 Qc8 32. Rhh1 Qc4 33. Rd6 Qc5 34. Rhd1 Ne8 35. Ra6 Qb5 36. Rxa4 Be3 37. Rb4 Qa5 38. Rxb8 Nc7 39. Qh2 Kf6 40. Qh6+ Ke7 41. Qd6# 1-0

[Event "CZE-ch Youth G10-G12-G14 2022"]
[Site "Luhacovice"]
[Date "2022.03.17"]
[Round "7.21"]
[White "Rezacova Julie"]
[Black "Sochorova Valentyna"]
[Result "0-1"]
[ECO "B01"]
[WhiteElo "1063"]
[BlackElo "1201"]
[Annotator "NA"]
[PlyCount "96"]
[EventDate "2022.03.12"]
[EventType "swiss"]
[EventCountry "CZE"]
[SourceTitle "playchess.com"]
[Source "ChessBase"]
[SourceQuality "1"]
[TimeControl "40/5400+30:1800+30"]

1. e4 d5 2. Bd3 dxe4 3. Bxe4 Nf6 4. Nc3 e5 5. Nf3 Bb4 6. d3 Nxe4 7. dxe4 Qxd1+ 8. Kxd1 Bg4 9. Nd5 Bd6 10. Be3 Nc6 11. Kd2 Nb4 12. Rad1 Nxd5 13. exd5 e4 14. Rde1 exf3 15. gxf3 Bxf3 16. Rhg1 Bxd5 17. Bd4+ Kd7 18. b3 Bf4+ 19. Kc3 c5 20. Bxc5 Rac8 21. b4 b6 22. Kd4 Be6 23. Rxg7 bxc5+ 24. bxc5 Bxh2 25. Rg2 Bf4 26. Rd1 Ke7 27. Re1 Rhd8+ 28. Ke4 Bh6 29. Rh2 Bg5 30. Rg2 Rxc5 31. Rh2 Kf8 32. Rxh7 Bf5+ 33. Kf3 Rc3+ 34. Re3 Rxe3+ 35. fxe3 Bxh7 36. c4 Rd3 37. Ke2 Rxe3+ 38. Kd2 Rh3+ 39. Ke1 Rh2 40. Kf1 f5 41. c5 f4 42. c6 f3 43. Kg1 Rxa2 44. c7 Bf5 45. c8=Q+ Bxc8 46. Kf1 Ba6+ 47. Kg1 Bf4 48. Kh1 Ra1# 0-1

[Event "CZE-ch Youth G10-G12-G14 2022"]
[Site "Luhacovice"]
[Date "2022.03.17"]
[Round "7.22"]
[White "Kubatova Ema"]
[Black "Kavanova Valentyna"]
[Result "0-1"]
[ECO "C01"]
[WhiteElo "1183"]
[BlackElo "1000"]
[Annotator "NA"]
[PlyCount "106"]
[EventDate "2022.03.12"]
[EventType "swiss"]
[EventCountry "CZE"]
[SourceTitle "playchess.com"]
[Source "ChessBase"]
[SourceQuality "1"]
[TimeControl "40/5400+30:1800+30"]

1. e4 e6 2. d4 d5 3. exd5 exd5 4. Nc3 Nc6 5. Nf3 Bg4 6. Bd3 Bd6 7. Be3 Nge7 8. O-O Qd7 9. a3 O-O-O 10. Nb5 h5 11. Nxd6+ Qxd6 12. h3 Bxf3 13. Qxf3 f6 14. Bf5+ Nxf5 15. Qxf5+ Kb8 16. Bf4 Nxd4 17. Bxd6 Nxf5 18. Bh2 g5 19. g3 g4 20. h4 Nd4 21. Rfd1 Nf3+ 22. Kg2 Rhe8 23. c3 f5 24. Rac1 Re5 25. Bg1 Rde8 26. Kf1 b6 27. b3 Kb7 28. Rb1 Re2 29. Rbc1 a5 30. a4 Ka6 31. Ra1 c5 32. Rac1 b5 33. axb5+ Kxb5 34. Ra1 d4 35. cxd4 cxd4 36. Rac1 d3 37. Ra1 Kb4 38. Rac1 Kb5 39. Ra1 Kc5 40. Rac1+ Kb4 41. Ra1 Nd2+ 42. Kg2 Nxb3 43. Rab1 Kc4 44. Bh2 a4 45. Bg1 a3 46. Bh2 a2 47. Ra1 Nxa1 48. Rxa1 d2 49. Rxa2 d1=Q 50. Rxe2 Rxe2 51. Bg1 Re1 52. Bh2 Rh1 53. Bg1 Qxg1# 0-1

[Event "CZE-ch Youth G10-G12-G14 2022"]
[Site "Luhacovice"]
[Date "2022.03.17"]
[Round "7.23"]
[White "Krisicova Neli"]
[Black "Havelkova Kamila"]
[Result "1-0"]
[ECO "A01"]
[WhiteElo "1093"]
[BlackElo "1092"]
[Annotator "NA"]
[PlyCount "51"]
[EventDate "2022.03.12"]
[EventType "swiss"]
[EventCountry "CZE"]
[SourceTitle "playchess.com"]
[Source "ChessBase"]
[SourceQuality "1"]
[TimeControl "40/5400+30:1800+30"]

1. b3 e5 2. Bb2 Nc6 3. e3 Nf6 4. Bb5 Bd6 5. Na3 e4 6. Nc4 Bc5 7. Ne2 O-O 8. Nf4 Ne7 9. Bxf6 g6 10. d4 exd3 11. Nxd3 b6 12. Nxc5 bxc5 13. O-O Qe8 14. Qb1 Nf5 15. Qb2 Qe4 16. Rfe1 Bb7 17. f3 Qe6 18. e4 Nh6 19. Rad1 c6 20. Rd6 Qe8 21. Bh8 f6 22. Bxf6 Rxf6 23. Qxf6 cxb5 24. Ne5 c4 25. Red1 Nf7 26. Qg7+ 1-0

[Event "CZE-ch Youth G10-G12-G14 2022"]
[Site "Luhacovice"]
[Date "2022.03.17"]
[Round "7.24"]
[White "Archlebova Iva"]
[Black "Mojzisova Barbora"]
[Result "0-1"]
[ECO "C50"]
[WhiteElo "1028"]
[BlackElo "1089"]
[Annotator "NA"]
[PlyCount "66"]
[EventDate "2022.03.12"]
[EventType "swiss"]
[EventCountry "CZE"]
[SourceTitle "playchess.com"]
[Source "ChessBase"]
[SourceQuality "1"]
[TimeControl "40/5400+30:1800+30"]

1. e4 e5 2. Bc4 Nc6 3. Nf3 Nf6 4. d3 Bc5 5. Nc3 d6 6. h3 Be6 7. Bb3 Qe7 8. Bg5 h6 9. Nd5 Bxd5 10. exd5 Nd4 11. Nxd4 exd4+ 12. Qe2 Qxe2+ 13. Kxe2 hxg5 14. Ba4+ Kf8 15. Rae1 a6 16. Bb3 Re8+ 17. Kd1 Rxe1+ 18. Rxe1 g6 19. f3 Kg7 20. a3 Re8 21. c3 Rxe1+ 22. Kxe1 dxc3 23. bxc3 Bxa3 24. c4 Nd7 25. Ba4 Nb6 26. Bb3 Kf6 27. g4 Ke5 28. Ke2 Bc5 29. Ba2 Kf4 30. Bb3 Kg3 31. Kd2 Kxf3 32. Kc3 Ke3 33. Bd1 f5 0-1

[Event "CZE-ch Youth G10-G12-G14 2022"]
[Site "Luhacovice"]
[Date "2022.03.17"]
[Round "7.25"]
[White "Souralova, Alena"]
[Black "Kubatova Beta"]
[Result "1-0"]
[ECO "B78"]
[WhiteElo "1010"]
[BlackElo "1071"]
[Annotator "NA"]
[PlyCount "90"]
[EventDate "2022.03.12"]
[EventType "swiss"]
[EventCountry "CZE"]
[SourceTitle "playchess.com"]
[Source "ChessBase"]
[SourceQuality "1"]
[TimeControl "40/5400+30:1800+30"]

1. e4 c5 2. Nf3 Nc6 3. d4 cxd4 4. Nxd4 g6 5. Nc3 Bg7 6. Be3 Nf6 7. Bc4 O-O 8. Bb3 d6 9. f3 Bd7 10. Qd2 Rc8 11. O-O-O Ne5 12. Bh6 Nc4 13. Bxc4 Rxc4 14. Bxg7 Kxg7 15. h4 h5 16. g4 hxg4 17. fxg4 Bxg4 18. Rdg1 Rh8 19. Nd5 Nxd5 20. exd5 Bh5 21. Nf5+ Kg8 22. Rg3 Rg4 23. Qc3 gxf5 24. Rhg1 Qd7 25. Qd4 Rh7 26. Qxa7 Rhg7 27. Qb8+ Kh7 28. Rxg4 fxg4 29. Qf8 Rg8 30. Qxg8+ Kxg8 31. c4 Qa4 32. b3 Qxa2 33. Rg3 Qf2 34. Rd3 g3 35. Rd2 Qf3 36. Kb2 g2 37. Rxg2+ Qxg2+ 38. Kc3 Qa2 39. b4 Be2 40. c5 Qc4+ 41. Kd2 Qd3+ 42. Ke1 Bg4 43. Kf2 Qf3+ 44. Kg1 Bh3 45. h5 Qg2# 1-0

[Event "CZE-ch Youth G10-G12-G14 2022"]
[Site "Luhacovice"]
[Date "2022.03.17"]
[Round "7.26"]
[White "Pruskova, Justyna"]
[Black "Maresova Denisa"]
[Result "0-1"]
[ECO "B22"]
[WhiteElo "1003"]
[BlackElo "1103"]
[Annotator "NA"]
[PlyCount "72"]
[EventDate "2022.03.12"]
[EventType "swiss"]
[EventCountry "CZE"]
[SourceTitle "playchess.com"]
[Source "ChessBase"]
[SourceQuality "1"]
[TimeControl "40/5400+30:1800+30"]

1. e4 e6 2. d4 d5 3. Nd2 c5 4. exd5 Qxd5 5. c3 Nf6 6. Ngf3 a6 7. Bc4 Qd8 8. O-O Be7 9. dxc5 Bxc5 10. Nb3 Bb6 11. Bg5 Nc6 12. Re1 O-O 13. Nfd4 h6 14. Bh4 Bd7 15. Nxc6 Bxc6 16. Nd4 Rc8 17. Bb3 Re8 18. Bc2 Qd5 19. f3 e5 20. Bxf6 gxf6 21. Qd3 e4 22. fxe4 Qg5 23. g3 Bb5 24. Qe3 Qxe3+ 25. Rxe3 Bxd4 26. cxd4 Rxc2 27. Rf3 Rxe4 28. Rxf6 Rxd4 29. Rxh6 Rxb2 30. Rc1 Bc6 31. Rf6 Rg2+ 32. Kf1 Rxh2 33. Ke1 Rdd2 34. Rf5 Rde2+ 35. Kf1 Rxa2 36. Rf2 Rh1# 0-1

[Event "CZE-ch Youth G10-G12-G14 2022"]
[Site "Luhacovice"]
[Date "2022.03.17"]
[Round "7.27"]
[White "Zezulova Sara"]
[Black "Martinkovicova Nela"]
[Result "0-1"]
[ECO "C27"]
[WhiteElo "1000"]
[BlackElo "1032"]
[Annotator "NA"]
[PlyCount "65"]
[EventDate "2022.03.12"]
[EventType "swiss"]
[EventCountry "CZE"]
[SourceTitle "playchess.com"]
[Source "ChessBase"]
[SourceQuality "1"]
[TimeControl "40/5400+30:1800+30"]

1. e4 e5 2. Bc4 Bc5 3. Nf3 Nf6 4. d3 d6 5. Nc3 Bg4 6. Na4 Nc6 7. c3 a6 8. Nxc5 dxc5 9. a3 h6 10. Be3 b6 11. h3 Bh5 12. Qd2 Bxf3 13. gxf3 Qd6 14. O-O-O O-O-O 15. Rhg1 Qf8 16. Bxa6+ Kb8 17. Bc4 Na5 18. Ba2 c4 19. Qc2 b5 20. dxc4 Rxd1+ 21. Rxd1 bxc4 22. b3 cxb3 23. Bxb3 Qxa3+ 24. Qb2 Nxb3+ 25. Kb1 Qxb2+ 26. Kxb2 Na5 27. Ra1 Nc4+ 28. Kb3 Nxe3 29. fxe3 Rd8 30. Kc4 Re8 31. Ra5 g5 32. Ra6 Nd7 33. Kb4 0-1

[Event "CZE-ch Youth G10-G12-G14 2022"]
[Site "Luhacovice"]
[Date "2022.03.17"]
[Round "7.28"]
[White "Kubickova Linda"]
[Black "Spetlova Stella"]
[Result "1/2-1/2"]
[ECO "B23"]
[WhiteElo "1000"]
[BlackElo "1000"]
[Annotator "NA"]
[PlyCount "60"]
[EventDate "2022.03.12"]
[EventType "swiss"]
[EventCountry "CZE"]
[SourceTitle "playchess.com"]
[Source "ChessBase"]
[SourceQuality "1"]
[TimeControl "40/5400+30:1800+30"]

1. Nc3 c5 2. e4 d6 3. Bc4 Nc6 4. Bb5 Bd7 5. d3 Nf6 6. h3 g6 7. f4 Bg7 8. Nf3 e5 9. fxe5 Nxe5 10. Nxe5 dxe5 11. Bg5 O-O 12. Qf3 Bxb5 13. Nxb5 a6 14. Nc3 Qd6 15. Bxf6 Qxf6 16. O-O-O Qxf3 17. gxf3 Bh6+ 18. Kb1 b5 19. Nd5 c4 20. dxc4 bxc4 21. Nc7 Ra7 22. Nd5 Bg7 23. h4 Rb7 24. b3 cxb3 25. axb3 h5 26. Rd3 a5 27. c4 a4 28. b4 Ra8 29. c5 Raa7 30. Ka2 Bf8 1/2-1/2

[Event "CZE-ch Youth G10-G12-G14 2022"]
[Site "Luhacovice"]
[Date "2022.03.17"]
[Round "7.29"]
[White "Rybackova, Lucie"]
[Black "Dobsa, Emma"]
[Result "1/2-1/2"]
[ECO "C45"]
[WhiteElo "1612"]
[BlackElo "1425"]
[Annotator "NA"]
[PlyCount "62"]
[EventDate "2022.03.12"]
[EventType "swiss"]
[EventCountry "CZE"]
[SourceTitle "playchess.com"]
[Source "ChessBase"]
[SourceQuality "1"]
[TimeControl "40/5400+30:1800+30"]

1. e4 e5 2. Nf3 Nc6 3. d4 exd4 4. Nxd4 Nf6 5. Nxc6 bxc6 6. e5 Qe7 7. Qe2 Nd5 8. c4 Nb6 9. Nc3 Ba6 10. b3 O-O-O 11. Bb2 Re8 12. f4 f6 13. O-O-O fxe5 14. fxe5 Qxe5 15. Qd2 Qe3 16. c5 Qxd2+ 17. Kxd2 Bxf1 18. cxb6 Bxg2 19. bxa7 Kb7 20. Rhg1 Bh3 21. Rg3 Bf5 22. Rf1 Bg6 23. Rg4 Kxa7 24. Ne2 Kb7 25. Ng3 Rg8 26. h4 Re7 27. h5 Be8 28. Rgf4 Bxh5 29. Nxh5 Re8 30. Rf7 Bb4+ 31. Bc3 Bxc3+ 1/2-1/2

[Event "CZE-ch Youth G10-G12-G14 2022"]
[Site "Luhacovice"]
[Date "2022.03.17"]
[Round "7.30"]
[White "Barteckova, Denisa"]
[Black "Janouskova, Adela"]
[Result "1-0"]
[ECO "B33"]
[WhiteElo "1323"]
[BlackElo "1585"]
[Annotator "NA"]
[PlyCount "81"]
[EventDate "2022.03.12"]
[EventType "swiss"]
[EventCountry "CZE"]
[SourceTitle "playchess.com"]
[Source "ChessBase"]
[SourceQuality "1"]
[TimeControl "40/5400+30:1800+30"]

1. e4 c5 2. Nf3 Nc6 3. d4 cxd4 4. Nxd4 Nf6 5. Nc3 e5 6. Ndb5 d6 7. Bg5 a6 8. Na3 b5 9. Nd5 Be7 10. Nxe7 Qxe7 11. c3 h6 12. Bh4 g5 13. Bg3 Be6 14. f3 Nh5 15. Nc2 Nxg3 16. hxg3 Qd7 17. a4 Rb8 18. axb5 axb5 19. Ne3 Ne7 20. Qd3 f5 21. exf5 Nxf5 22. Nxf5 Bxf5 23. Qd5 Be6 24. Qe4 Bf5 25. Qe3 Qg7 26. Ra7 Qf6 27. Ra6 O-O 28. g4 Bc8 29. Ra7 Be6 30. Qe4 Rf7 31. Rxf7 Bxf7 32. Bd3 Qg7 33. Qc6 Bg6 34. Qd5+ Bf7 35. Qxd6 Ra8 36. Rxh6 Ra1+ 37. Kd2 Rg1 38. Qd8+ Qf8 39. Rh8+ Kxh8 40. Qxf8+ Bg8 41. Qf6# 1-0

[Event "CZE-ch Youth G10-G12-G14 2022"]
[Site "Luhacovice"]
[Date "2022.03.17"]
[Round "7.31"]
[White "Mikesova, Lenka"]
[Black "Zadrapova, Amalie"]
[Result "0-1"]
[ECO "B98"]
[WhiteElo "1364"]
[BlackElo "1582"]
[Annotator "NA"]
[PlyCount "74"]
[EventDate "2022.03.12"]
[EventType "swiss"]
[EventCountry "CZE"]
[SourceTitle "playchess.com"]
[Source "ChessBase"]
[SourceQuality "1"]
[TimeControl "40/5400+30:1800+30"]

1. e4 c5 2. Nf3 d6 3. d4 cxd4 4. Nxd4 Nf6 5. Nc3 a6 6. Bg5 e6 7. f4 Be7 8. Qf3 Qc7 9. O-O-O O-O 10. g4 b5 11. Bxf6 Bxf6 12. g5 Bxd4 13. Rxd4 Nc6 14. Rd1 Bb7 15. h4 b4 16. Nb1 Rac8 17. Bd3 Nd4 18. Qf2 Qc5 19. Kd2 f5 20. c3 bxc3+ 21. bxc3 Nb3+ 22. Ke2 Qxf2+ 23. Kxf2 Nc5 24. Ke3 Nxd3 25. Rxd3 Bxe4 26. Rhd1 Bxd3 27. Rxd3 d5 28. Nd2 Rc7 29. h5 Kf7 30. Kd4 Rfc8 31. g6+ hxg6 32. hxg6+ Kxg6 33. Rg3+ Kf6 34. a3 Rc6 35. a4 a5 36. c4 dxc4 37. Kc3 Rd6 0-1

[Event "CZE-ch Youth G10-G12-G14 2022"]
[Site "Luhacovice"]
[Date "2022.03.17"]
[Round "7.32"]
[White "Sikorova, Jana"]
[Black "Kavanova, Anezka"]
[Result "1-0"]
[ECO "D66"]
[WhiteElo "1427"]
[BlackElo "1089"]
[Annotator "NA"]
[PlyCount "78"]
[EventDate "2022.03.12"]
[EventType "swiss"]
[EventCountry "CZE"]
[SourceTitle "playchess.com"]
[Source "ChessBase"]
[SourceQuality "1"]
[TimeControl "40/5400+30:1800+30"]

1. d4 Nf6 2. Nf3 e6 3. c4 d5 4. Nc3 c6 5. Bg5 Be7 6. e3 Nbd7 7. Bd3 O-O 8. Rc1 dxc4 9. Bxc4 b5 10. Bd3 Qc7 11. O-O Re8 12. Bxf6 Nxf6 13. Ne4 a6 14. Qc2 Nd5 15. a3 Bb7 16. Ne5 Rac8 17. Nc5 Bxc5 18. Qxc5 Qe7 19. Be4 f6 20. Nd3 e5 21. dxe5 fxe5 22. Qxe7 Rxe7 23. Nc5 Nf6 24. Bf5 Rd8 25. Nxb7 Rxb7 26. Rxc6 a5 27. Re6 Rd5 28. Rxf6 gxf6 29. Be6+ Kg7 30. Bxd5 Rb8 31. Rc1 h5 32. Rc7+ Kh6 33. Be4 b4 34. h4 Rh8 35. axb4 axb4 36. Kf1 b3 37. Ke2 f5 38. Bxf5 e4 39. Bxe4 Rh7 1-0

[Event "CZE-ch Youth G10-G12-G14 2022"]
[Site "Luhacovice"]
[Date "2022.03.17"]
[Round "7.33"]
[White "Dorazilova, Kristyna"]
[Black "Hetfleischova, Elen"]
[Result "1-0"]
[ECO "C78"]
[WhiteElo "1240"]
[BlackElo "1363"]
[Annotator "NA"]
[PlyCount "43"]
[EventDate "2022.03.12"]
[EventType "swiss"]
[EventCountry "CZE"]
[SourceTitle "playchess.com"]
[Source "ChessBase"]
[SourceQuality "1"]
[TimeControl "40/5400+30:1800+30"]

1. e4 e5 2. Nf3 Nc6 3. Bb5 a6 4. Ba4 Bc5 5. O-O Nf6 6. Re1 d6 7. h3 Be6 8. c3 b5 9. Bc2 Bb6 10. d4 Bd7 11. Be3 b4 12. dxe5 bxc3 13. Nxc3 Nxe5 14. Bxb6 cxb6 15. Bb3 O-O 16. Re3 Qe7 17. Rc1 Rac8 18. Qd4 b5 19. Nxe5 dxe5 20. Qd1 Rfd8 21. Qe1 Bc6 22. Kh2 1-0

[Event "CZE-ch Youth G10-G12-G14 2022"]
[Site "Luhacovice"]
[Date "2022.03.17"]
[Round "7.34"]
[White "Brezikova, Beata"]
[Black "Archlebova, Stela"]
[Result "1-0"]
[ECO "C58"]
[WhiteElo "1266"]
[BlackElo "1121"]
[Annotator "NA"]
[PlyCount "43"]
[EventDate "2022.03.12"]
[EventType "swiss"]
[EventCountry "CZE"]
[SourceTitle "playchess.com"]
[Source "ChessBase"]
[SourceQuality "1"]
[TimeControl "40/5400+30:1800+30"]

1. e4 e5 2. Nf3 Nc6 3. Bc4 Nf6 4. Ng5 d5 5. exd5 Na5 6. Bb5+ c6 7. dxc6 Nxc6 8. Bc4 Be6 9. Bxe6 fxe6 10. Nxe6 Qd7 11. Nxf8 Rxf8 12. f3 Qd4 13. Qe2 O-O-O 14. Qe3 Nb4 15. Na3 Qxe3+ 16. dxe3 e4 17. Bd2 Nc6 18. O-O-O exf3 19. gxf3 Nd7 20. Rhf1 Nde5 21. f4 Ng4 22. e4 1-0

[Event "CZE-ch Youth G10-G12-G14 2022"]
[Site "Luhacovice"]
[Date "2022.03.17"]
[Round "7.35"]
[White "Dominikova, Denisa"]
[Black "Stavova, Marketa"]
[Result "1-0"]
[ECO "C63"]
[WhiteElo "1254"]
[BlackElo "1146"]
[Annotator "NA"]
[PlyCount "55"]
[EventDate "2022.03.12"]
[EventType "swiss"]
[EventCountry "CZE"]
[SourceTitle "playchess.com"]
[Source "ChessBase"]
[SourceQuality "1"]
[TimeControl "40/5400+30:1800+30"]

1. e4 e5 2. Nf3 Nc6 3. Bb5 f5 4. Nc3 Nf6 5. Qe2 d6 6. exf5 a6 7. Bxc6+ bxc6 8. d4 e4 9. Nxe4 Nxe4 10. Bg5 Qd7 11. Qxe4+ Be7 12. O-O-O Kd8 13. Bxe7+ Qxe7 14. Qxc6 Rb8 15. Rhe1 Qf7 16. Qe4 Bd7 17. b3 c6 18. Ng5 Qf6 19. Ne6+ Bxe6 20. fxe6 h6 21. Qxc6 Qe7 22. Qxa6 Rc8 23. Qa5+ Rc7 24. Rd3 Re8 25. Rc3 Qg5+ 26. Qxg5+ hxg5 27. Rxc7 Kxc7 28. d5 1-0

[Event "CZE-ch Youth G10-G12-G14 2022"]
[Site "Luhacovice"]
[Date "2022.03.17"]
[Round "7.36"]
[White "Cinkova, Vicky"]
[Black "Reznickova, Sibyla"]
[Result "1/2-1/2"]
[ECO "C50"]
[WhiteElo "1317"]
[BlackElo "1304"]
[Annotator "NA"]
[PlyCount "72"]
[EventDate "2022.03.12"]
[EventType "swiss"]
[EventCountry "CZE"]
[SourceTitle "playchess.com"]
[Source "ChessBase"]
[SourceQuality "1"]
[TimeControl "40/5400+30:1800+30"]

1. e4 e5 2. Nf3 Nc6 3. Nc3 Bc5 4. Bc4 Nf6 5. d3 d6 6. O-O Bg4 7. Be3 Bb6 8. Nd5 Nxd5 9. Bxd5 Qf6 10. h3 Bxf3 11. Qxf3 Qxf3 12. Bxc6+ bxc6 13. gxf3 d5 14. Bd2 g6 15. Rae1 d4 16. f4 exf4 17. Bxf4 g5 18. Bg3 h5 19. Be5 Rg8 20. Bf6 Rg6 21. e5 Kd7 22. Kh1 Rag8 23. Re4 g4 24. h4 g3 25. Bg5 g2+ 26. Kxg2 f6 27. exf6 Rxf6 28. Kh2 Rf3 29. Re7+ Kc8 30. Rh7 Bc5 31. Kg2 Rf5 32. f4 Bd6 33. Kh1 Rgf8 34. Be7 Rxf4 35. Rxf4 Rxf4 36. Bxd6 Rxh4+ 1/2-1/2

[Event "CZE-ch Youth G10-G12-G14 2022"]
[Site "Luhacovice"]
[Date "2022.03.17"]
[Round "7.38"]
[White "Kaplanova, Dominika"]
[Black "Foldynova Julie"]
[Result "0-1"]
[ECO "C28"]
[WhiteElo "1269"]
[BlackElo "1000"]
[Annotator "NA"]
[PlyCount "89"]
[EventDate "2022.03.12"]
[EventType "swiss"]
[EventCountry "CZE"]
[SourceTitle "playchess.com"]
[Source "ChessBase"]
[SourceQuality "1"]
[TimeControl "40/5400+30:1800+30"]

1. e4 e5 2. Bc4 Nf6 3. d3 Nc6 4. Nc3 Na5 5. a3 Nxc4 6. dxc4 Bc5 7. Nf3 d6 8. Bg5 h6 9. Bh4 g5 10. Bg3 Be6 11. Qe2 Qe7 12. Nd5 Bxd5 13. cxd5 a6 14. O-O-O Qd7 15. Nd2 Qb5 16. Qxb5+ axb5 17. c3 Bb6 18. f3 c5 19. Bf2 Ke7 20. c4 b4 21. axb4 Nd7 22. bxc5 Bxc5 23. Bxc5 Nxc5 24. Kc2 Rhc8 25. Ra1 Rab8 26. b4 Nd7 27. Kb3 b5 28. Ra7 Kd8 29. Rc1 bxc4+ 30. Rxc4 Nb6 31. Rxc8+ Rxc8 32. Rb7 Nd7 33. Nc4 Rb8 34. Rxb8+ Nxb8 35. Nxd6 Ke7 36. Nf5+ Kf6 37. Nxh6 Kg6 38. Ng4 Nd7 39. Ne3 Kh5 40. g3 f6 41. Kc4 Nb6+ 42. Kc5 Na4+ 43. Kc6 Nc3 44. d6 Ne2 45. d7 0-1

[Event "CZE-ch Youth G10-G12-G14 2022"]
[Site "Luhacovice"]
[Date "2022.03.17"]
[Round "7.39"]
[White "Vacekova Anita"]
[Black "Filipova, Vanesa"]
[Result "1-0"]
[ECO "C01"]
[WhiteElo "1000"]
[BlackElo "1146"]
[Annotator "NA RC"]
[PlyCount "109"]
[EventDate "2022.03.12"]
[EventType "swiss"]
[EventCountry "CZE"]
[SourceTitle "playchess.com"]
[Source "ChessBase"]
[SourceQuality "1"]
[TimeControl "40/5400+30:1800+30"]

1. e4 e6 2. d4 d5 3. exd5 exd5 4. Bd3 Bd6 5. Nf3 Bg4 6. Be3 Nf6 7. Nbd2 Nc6 8. c3 Qe7 9. Qb3 Rb8 10. O-O-O O-O 11. Bg5 b5 12. Bxf6 Qxf6 13. Qxd5 Bf4 14. Kc2 b4 15. Ne4 Qh6 16. Nc5 Rfe8 17. Rde1 bxc3 18. Rxe8+ Rxe8 19. bxc3 Bh5 20. Bb5 Bg6+ 21. Kb3 Na5+ 22. Kb4 c6 23. Bxc6 Nxc6+ 24. Qxc6 Rb8+ 25. Ka5 a6 26. Re1 f6 27. Nxa6 Qh5+ 28. Qc5 Ra8 29. Qxh5 Bxh5 30. Nh4 Bc7+ 31. Kb5 g5 32. Nf5 Re8 33. Rxe8+ Bxe8+ 34. Kc5 Bxh2 35. g3 Bg1 36. Nd6 Bd7 37. Ne4 Kg7 38. Nb4 f5 39. Nxg5 h5 40. Nd3 h4 41. gxh4 Bh2 42. Nf3 Bc7 43. Nfe5 Ba4 44. f4 Kh6 45. d5 Kh5 46. d6 Ba5 47. d7 Bc7 48. Nb2 Bxd7 49. Nxd7 Bxf4 50. Nf6+ Kxh4 51. Nd5 Be5 52. Nd3 Bg7 53. a4 Bf8+ 54. Kc6 Kg5 55. a5 1-0

[Event "CZE-ch Youth G10-G12-G14 2022"]
[Site "Luhacovice"]
[Date "2022.03.17"]
[Round "7.40"]
[White "Koval, Anna"]
[Black "Lackova, Ludmila"]
[Result "0-1"]
[ECO "C42"]
[WhiteElo "1278"]
[BlackElo "1167"]
[Annotator "NA"]
[PlyCount "120"]
[EventDate "2022.03.12"]
[EventType "swiss"]
[EventCountry "CZE"]
[SourceTitle "playchess.com"]
[Source "ChessBase"]
[SourceQuality "1"]
[TimeControl "40/5400+30:1800+30"]

1. e4 e5 2. Nf3 Nf6 3. Nxe5 d6 4. Nf3 Nxe4 5. Bc4 d5 6. Bb3 Be7 7. d3 Nf6 8. Bg5 O-O 9. d4 Bg4 10. h3 Be6 11. O-O Re8 12. Re1 Ne4 13. Bxe7 Qxe7 14. Nbd2 Nf6 15. c4 Qd8 16. Ng5 dxc4 17. Nxc4 Bxc4 18. Rxe8+ Nxe8 19. Qh5 Nf6 20. Qf3 Bxb3 21. Qxb3 Qd5 22. Qe3 Nc6 23. Nf3 Re8 24. Qc3 h6 25. Rd1 Qxa2 26. Ne5 Qa4 27. b3 Qb4 28. Qd3 Qd6 29. Nc4 Qd8 30. Kh2 Ne4 31. Qc2 Nd6 32. d5 Ne7 33. Ne3 Ng6 34. b4 Qd7 35. Qc5 b6 36. Qc3 Ne4 37. Qb2 Qe7 38. Qc2 Nd6 39. Kg1 Rc8 40. Kh1 Qe4 41. Qc3 Qf4 42. Rf1 Qe5 43. Qa3 Ra8 44. Qc1 Qe7 45. Qc6 Rd8 46. Qa4 Nc8 47. Qa1 Qd7 48. g4 Qe8 49. Nf5 f6 50. Re1 Qd7 51. Rd1 Ne5 52. Kg2 Qb5 53. f4 Qe2+ 54. Kh1 Nf3 55. Rd2 Qxd2 56. Qg1 Nxg1 57. Kxg1 Re8 58. Ng3 Re1+ 59. Nf1 Qxf4 60. Kh1 Rxf1+ 0-1

[Event "CZE-ch Youth G10-G12-G14 2022"]
[Site "Luhacovice"]
[Date "2022.03.17"]
[Round "7.41"]
[White "Dufkova, Tereza"]
[Black "Myskova, Veronika"]
[Result "0-1"]
[ECO "B30"]
[WhiteElo "1014"]
[BlackElo "1117"]
[Annotator "NA"]
[PlyCount "61"]
[EventDate "2022.03.12"]
[EventType "swiss"]
[EventCountry "CZE"]
[SourceTitle "playchess.com"]
[Source "ChessBase"]
[SourceQuality "1"]
[TimeControl "40/5400+30:1800+30"]

1. e4 c5 2. Bc4 Nc6 3. Nf3 e6 4. e5 g6 5. O-O Bg7 6. Re1 d6 7. exd6 Qxd6 8. Nc3 Nf6 9. d3 O-O 10. a3 b6 11. b4 cxb4 12. Na4 Nd5 13. Ra2 a6 14. Nb2 Nc3 15. Qd2 Nxa2 16. Bxa2 Bc3 17. Qh6 Bg7 18. Qe3 bxa3 19. Nc4 Qc5 20. Qf4 Qf5 21. Qh4 b5 22. Nd6 Qh5 23. Qe4 Qc5 24. Bf4 Bd7 25. Nb7 Qxc2 26. Bb1 Qb2 27. d4 a2 28. Bxa2 Qxa2 29. Bd2 a5 30. Qh4 Nxd4 31. Nxd4 0-1